 Dungeon Crawl Stone Soup version 0.29-a0-993-g4a18f31a58 (webtiles) character file.

Game seed: 6237458354931184228

54 siradein the Slasher (level 3, -3/29 HPs)
             Began as a Barachi Berserker on Aug 3, 2022.
             Was a Believer of Trog.
             Slain by a goblin
             ... wielding a +2 dagger of venom
             ... led by Robin
              (4 damage)
             ... on level 2 of the Dungeon.
             The game lasted 00:03:53 (1865 turns).

siradein the Slasher (Barachi Berserker)            Turns: 1865, Time: 00:03:54

Health: -3/29      AC:  2    Str: 18    XL:     3   Next: 91%
Magic:  3/3        EV: 12    Int:  7    God:    Trog [**....]
Gold:   72         SH:  0    Dex: 13    Spells: 2/2 levels left

rFire   . . .      SeeInvis .   a - +0 falchion
rCold   . . .      Faith    .   (no shield)
rNeg    . . .      Spirit   .   b - +0 animal skin
rPois   .          Reflect  .   (no helmet)
rElec   .          Harm     .   (no cloak)
rCorr   .          Rampage  .   (no gloves)
Will    ++...                   (no boots)
Stlth   +.........              (no amulet)
HPRegen 1.09/turn               (no ring)
MPRegen 0.08/turn               (no ring)

@: lethally poisoned (-3 -> -13), strong-willed (expiring), on berserk cooldown,
regenerating (expiring), slowed, very slow
A: amphibious, slowness 1, strong legs 1, +LOS
a: Hop, Renounce Religion, Berserk, Trog's Hand


You were on level 2 of the Dungeon.
You worshipped Trog.
Trog was pleased with you.
You visited 1 branch of the dungeon, and saw 2 of its levels.

You collected 72 gold pieces.

Inventory:

Hand Weapons
 a - a +0 falchion (weapon)
Missiles
 h - 3 stones (quivered)
Armour
 b - a +0 animal skin (worn)
Scrolls
 f - a scroll of immolation {unknown}
 g - a scroll of fear {unknown}
 i - a scroll of identify {unknown}
 j - a scroll of teleportation {unknown}
Potions
 c - 2 potions of lignification {unknown}
 d - a potion of brilliance {unknown}
 e - 2 potions of heal wounds {unknown}
 k - a potion of might {unknown}


   Skills:
 - Level 3.6 Fighting
 + Level 5.7 Long Blades
 - Level 2.4 Armour
 - Level 2.1 Dodging


You had 2 spell levels left.
You didn't know any spells.
Your spell library was empty.

Dungeon Overview and Level Annotations

Branches:
Dungeon (2/15)

Altars:

Annotations:
D:2 Robin


Innate Abilities, Weirdness & Mutations

You are amphibious.
You cover ground slowly.
You can hop short distances.
You have an extended range of vision and can be seen from far away.


Message History

The goblin hits you with a +0 club.
You slash the goblin!
You kill the goblin!
Trog accepts your kill.
Robin hits you from afar with a +0 spear.
The goblin hits you with a +0 dagger.
You are too injured to fight recklessly!
You are too injured to fight recklessly!
You are too injured to fight recklessly!
You are too injured to fight recklessly!
You are too injured to fight recklessly!
You closely miss the goblin.
You feel the effects of Trog's Hand fading.
Robin hits you from afar with a +0 spear.
The goblin hits you with a +0 dagger.
You slash the goblin!
You kill the goblin!
Trog accepts your kill.
You are no longer berserk.
You are exhausted.
You feel yourself slow down. Robin throws the goblin at you!
The goblin unwields a +0 sling.
The goblin wields a +2 dagger of venom.
It begins to drip with poison!
The goblin barely misses you.
You see here a +0 leather armour.
The goblin hits you with a +2 dagger of venom.
* * * LOW HITPOINT WARNING * * *
You are lethally poisoned!
The rat closely misses you.
Things that are here:
a +0 club; a +0 sling; a goblin corpse You barely miss the goblin.
* * * LOW HITPOINT WARNING * * *
You feel very sick. The goblin hits you but does no damage.
You are more poisoned.
The rat bites you.
* * * LOW HITPOINT WARNING * * *
Robin barely misses you.
The goblin hits you with a +2 dagger of venom.
You die...

.. #.## ..#
#+######.#
.......)[##
.....g....# ####
......g.#g####....#
....gggg#r#.......#
........#[@.#
........##g.#
........ #..#
######+###.†#
#......## #.......#
#.###.#.# # #.#.##
#.#..#


You could see Robin, a goblin (strong) and a rat.

Vanquished Creatures
  A dart slug (D:1)
  8 bats
  2 endoplasms (D:1)
  2 giant cockroaches
  14 goblins
  7 hobgoblins
  3 ball pythons (D:1)
  4 frilled lizards (D:1)
  3 kobolds
  4 rats
48 creatures vanquished.

Notes
Turn   | Place    | Note
-------+----------+-------------------------------------------
     0 | D:1      | siradein the Barachi Berserker began the quest for the Orb.
     0 | D:1      | Reached XP level 1. HP: 18/18 MP: 1/1
   203 | D:1      | Reached skill level 4 in Long Blades
   285 | D:1      | Reached XP level 2. HP: 21/24 MP: 2/2
   780 | D:1      | Reached XP level 3. HP: 27/29 MP: 3/3
   824 | D:1      | Reached skill level 5 in Long Blades
  1095 | D:1      | Reached ** piety under Trog
  1478 | D:2      | Found a faded altar of an unknown god.
  1836 | D:2      | Noticed Robin
  1865 | D:2      | HP: 1/29 [rat (3)]
  1865 | D:2      | Slain by a goblin

Illustrated notes

Levels and vault maps discovered:
D:1:      evilmike_arrival_fibonacci_small, layout_loops_ring
D:2:      layout_basic, nicolae_ecumenical_oubliette, basic_altar, uniq_robin

Skill      XL: |  1  2  3 |
---------------+----------+-----
Long Blades    | 4 5 |  5.7
Fighting       | |  3.6
Armour         | |  2.4
Dodging        | |  2.1

Action                   || total
-------------------------++-------
Melee: Falchion          ||   137
       Punch             ||     1
Invok: Berserk           ||     1
       Trog's Hand       ||     1
 Stab: Sleeping          ||     4
Armor: Animal skin       ||    30
Dodge: Dodged            ||    92

Table legend: (Time is in decaauts)
 A = Elapsed time spent in this place.
 B = Non-inter-level travel time spent in this place.
 C = Inter-level travel time spent in this place.
 D = Time resting spent in this place.
 E = Time spent auto-exploring this place.
 F = Levels seen in this place.
 G = Mean time per level.
                   A        B        C        D        E       F      G
               +--------+--------+--------+--------+--------+-----+--------+
         Total |   2014 |   1983 |     31 |    203 |   1479 |   2 | 1007.0 |
       Dungeon |   2014 |   1983 |     31 |    203 |   1479 |   2 | 1007.0 |
               +--------+--------+--------+--------+--------+-----+--------+

Top non-repeatable levels by time:
     D:1: 1580 daAuts
     D:2: 434 daAuts
